 Dungeon Crawl Stone Soup version 0.29.1-2-gbd0b4ee654 (webtiles) character file.

Game seed: 10053982793677683883

170 cdecastro the Vexing (level 5, 0/28 HPs)
             Began as a Vampire Enchanter on Nov 12, 2022.
             Slain by Natasha (4 damage)
             ... on level 3 of the Dungeon.
             The game lasted 00:07:03 (3176 turns).

cdecastro the Vexing (Vampire Enchanter)            Turns: 3176, Time: 00:07:04

Health: 0/28       AC:  2    Str:  7    XL:     5   Next: 25%
Magic:  1/8        EV: 12    Int: 20    God:
Gold:   105        SH:  0    Dex: 14    Spells: 3/8 levels left

rFire   . . .      SeeInvis +   a - +1 dagger
rCold   + + .      Faith    .   (no shield)
rNeg    + + +      Spirit   .   b - +0 robe
rPois   ∞          Reflect  .   (no helmet)
rElec   .          Harm     .   (no cloak)
rCorr   .          Rampage  .   (no gloves)
Will    .....                   (no boots)
Stlth   +++++.....              (no amulet)
HPRegen 0.00/turn               o - ring of flight
MPRegen 0.11/turn               (no ring)

@: flying, bloodless, inhibited regen, slowed, very slow
A: bloodless, fangs 3, see invisible, vampiric 2
a: Bat Form, Revivify


You were on level 3 of the Dungeon.
You visited 1 branch of the dungeon, and saw 3 of its levels.

You collected 105 gold pieces.

Inventory:

Hand Weapons
 a - a +1 dagger (weapon)
Missiles
 f - 7 stones
 w - 2 poisoned darts
Armour
 b - a +0 robe (worn)
 s - a +0 pair of gloves
Jewellery
 o - a ring of flight (left hand)
Scrolls
 e - 5 scrolls of immolation {unknown}
 g - a scroll of brand weapon {unknown}
 h - 2 scrolls of identify {unknown}
 k - 3 scrolls of magic mapping {unknown}
 m - 2 scrolls of vulnerability {unknown}
 n - a scroll of teleportation {unknown}
 p - a scroll of silence {unknown}
 q - a scroll of amnesia {unknown}
 t - a scroll of enchant armour {unknown}
 u - a scroll of acquirement {unknown}
Potions
 c - 2 potions of invisibility
 d - 2 potions of heal wounds {unknown}
 i - 3 potions of curing {unknown}
 j - 3 potions of magic {unknown}
 l - 2 potions of haste {unknown}
 r - a potion of flight {unknown}
 v - a potion of attraction {unknown}


   Skills:
 - Level 1.1 Short Blades
 - Level 2.1 Dodging
 + Level 6.4 Stealth
 - Level 2.0 Spellcasting
 * Level 7.6 Hexes


You had 3 spell levels left.
You knew the following spells:

 Your Spells              Type           Power      Damage    Failure   Level
a - Ensorcelled Hibernat  Hex/Ice        34%        N/A       4%          2
b - Confusing Touch       Hex            32%        N/A       1%          3

Your spell library contained the following spells:

 Spells                   Type           Power      Damage    Failure   Level
 Tukima's Dance           Hex            32%        N/A       1%          3
 Dazzling Flash           Conj/Hex       34%        N/A       10%         3
 Necrotise                Necr           8%         1d4       16%         1
 Vampiric Draining        Necr           2%         2d6       43%         3
 Agony                    Necr           2%         N/A       99%         5


Dungeon Overview and Level Annotations

Branches:
Dungeon (3/15)

Altars:

Annotations:
D:3 Natasha


Innate Abilities, Weirdness & Mutations

You do not regenerate when monsters are visible.
You are frail without blood (-20% HP).
You can heal yourself when you bite living creatures.
You are immune to poison.
You have razor-sharp teeth.
You have supernaturally acute eyesight. (SInv)
You are afflicted with vampirism and can become a bat while bloodless.


Message History

Unknown command.
Unknown command.
You closely miss Natasha. You bite Natasha.
You draw Natasha's blood!
You feel better.
Natasha is moderately wounded.
Natasha stares at you and mumbles some strange words.
You resist with some effort.
You hit Natasha.
Natasha is moderately wounded.
Natasha stares at you and mumbles some strange words.
You resist with some effort.
You hit Natasha.
Natasha is heavily wounded.
Natasha closely misses you.
You barely miss Natasha.
Natasha is heavily wounded.
Natasha misses you.
You completely miss Natasha.
Natasha is heavily wounded.
Natasha closely misses you.
You barely miss Natasha.
Natasha is heavily wounded.
Natasha closely misses you.
Your magical contamination has completely faded away.
You closely miss Natasha.
Natasha is heavily wounded.
Natasha claws you!
* * * LOW HITPOINT WARNING * * *
You hit Natasha. You bite Natasha, but do no damage.
Natasha is severely wounded.
Natasha casts a spell at you.
You feel yourself slow down.
You hit Natasha.
Natasha is severely wounded.
Natasha claws you!
* * * LOW HITPOINT WARNING * * *
You closely miss Natasha.
Natasha is severely wounded.
Natasha claws you.
You die...

...####...##.##.###.#
......#...##..#.#...#
.#.##.....###.....###
....# # ...........#
#####
##.......#.......#.##
#...# # #.##..
##......#..# #..[# #
..# #
####.#.##.###...# #
.... #..h##.......# .
#..o. ###@.........#
# .#. #.######>..#
#o!. #.# #...# ....
#.# #...# #.... #)#
#...# #..$.#####.###
#...# .............#
##### .............#
.............#


You could see Natasha.

Vanquished Creatures
  Natasha (D:3)
  Terence (D:3)
  4 gnolls
  An adder (D:2)
  3 worms
  A dart slug (D:1)
  4 orcs (D:2)
  3 bats
  2 endoplasms
  4 giant cockroaches
  6 goblins
  6 hobgoblins
  3 jackals (D:2)
  A quokka (D:2)
  3 ball pythons
  3 frilled lizards
  7 kobolds
  6 rats
59 creatures vanquished.

Notes
Turn   | Place    | Note
-------+----------+-------------------------------------------
     0 | D:1      | cdecastro the Vampire Enchanter began the quest for the
                  | Orb.
     0 | D:1      | Reached XP level 1. HP: 13/13 MP: 3/3
    17 | D:1      | Noticed a great orb of eyes
    23 | D:1      | Found a faded altar of an unknown god.
    42 | D:1      | Noticed a golden eye
    42 | D:1      | Noticed a great orb of eyes
    42 | D:1      | Noticed a floating eye
   151 | D:1      | Reached skill level 5 in Hexes
   151 | D:1      | Reached XP level 2. HP: 15/15 MP: 5/5
   761 | D:1      | Reached skill level 5 in Stealth
   767 | D:1      | Learned a level 2 spell: Ensorcelled Hibernation
  1133 | D:2      | Gained mutation: You are afflicted with vampirism and can
                  | become a bat while bloodless. [Vampire growth]
  1133 | D:2      | Reached XP level 3. HP: 16/19 MP: 6/6
  1708 | D:3      | Reached skill level 6 in Hexes
  1744 | D:3      | Noticed Terence
  1748 | D:3      | Killed Terence
  1749 | D:3      | Reached XP level 4. HP: 24/24 MP: 7/7
  2171 | D:2      | Learned a level 3 spell: Confusing Touch
  2528 | D:2      | Reached skill level 7 in Hexes
  2889 | D:3      | Reached XP level 5. HP: 16/28 MP: 3/8
  3090 | D:3      | Noticed Natasha
  3098 | D:3      | Killed Natasha
  3159 | D:3      | Noticed Natasha
  3176 | D:3      | Slain by Natasha

Illustrated notes

Levels and vault maps discovered:
D:1:      reono_arrival_forest_river, layout_basic,
          hellmonk_ecumenical_altar_watching_god
D:2:      layout_basic, minmay_tetromino_l2
D:3:      layout_rooms, dk_xom_monty_hall, uniq_grinder, uniq_natasha,
          uniq_terence

Skill      XL: |  1  2  3  4 |
---------------+-------------+-----
Hexes          | 5 6 7 |  7.6
Stealth        | 5 6 |  6.4
Short Blades   | |  1.1
Dodging        | |  2.1
Spellcasting   | |  2.0

Action                   |  1- 3 |  4- 6 || total
-------------------------+-------+-------++-------
Melee: Dagger            |    77 |    50 ||   127
       Bite              |     4 |     5 ||     9
       Punch             |     1 |       ||     1
 Cast: Ensorcelled Hiber |     6 |    37 ||    43
 Abil: Exsanguinate      |     1 |       ||     1
 Stab: Sleeping          |    22 |    21 ||    43
       Distracted        |     1 |       ||     1
Armor: Robe              |     3 |    20 ||    23
Dodge: Dodged            |    36 |    54 ||    90
